Map: Remanso LE

Players

Helemes - Winner!

  • Race: Terran Terran
  • League: Silver
  • Spawn Location: 11:00

IagoAbreu

  • Race: Protoss Protoss
  • League: Gold
  • Spawn Location: 5:00

VOD

Have the link to the VOD?

Description

Time

  • Played on: March 16, 2018, 1:47 p.m.
  • Length: 32:44
Show
View Real Time Build Order
Export as new Build Order

Helemes Terran - Winner!

Build Orders:  

Get SALT Encoding   

  12  0:01  SCV  
  13  0:13  SCV  
  14  0:25  Supply Depot  
  14  0:36  Supply Depot  
  14  0:38  SCV  
  15  0:50  SCV  
  15  0:51  Supply Depot  
  16  1:03  SCV  
  17  1:15  SCV  
  17  1:16  Supply Depot  
  18  1:27  SCV  
  19  1:39  SCV  
  20  1:44  Barracks  
  20  1:51  SCV  
  21  1:56  Barracks  
  21  2:03  SCV  
  21  2:05  Barracks  
  21  2:08  Refinery  
  22  2:15  SCV  
  23  2:33  Engineering Bay  
  23  2:38  Refinery  
  23  2:40  Marine  
  24  2:46  Marine  
  25  2:55  Marine  
  25  2:57  Marine  
  27  3:03  Marine  
  28  3:06  Orbital Command  
  28  3:13  Marine  
  28  3:15  Marine  
  30  3:21  Marine, Missile Turret  
  31  3:31  Marine  
  32  3:36  Missile Turret  
  32  3:51  Barracks Reactor  
  32  3:52  Barracks Reactor, Factory  
  32  3:54  Barracks Reactor  
  32  4:09  Supply Depot  
  32  4:13  Factory  
  32  4:33  Reaper x2  
  32  4:35  Missile Turret  
  32  4:36  Reaper x2  
  36  4:44  Factory Tech Lab  
  36  4:59  Bunker  
  39  5:07  Cyclone  
  39  5:10  Factory Tech Lab  
  39  5:38  Cyclone  
  39  5:39  Bunker  
  42  5:42  Missile Turret  
  42  5:43  Cyclone  
  37  6:43  Command Center, Missile Turret  
  33  7:15  Missile Turret  
  33  7:19  Missile Turret  
  33  7:26  Missile Turret  
  33  7:28  SCV  
  34  7:40  SCV  
  35  7:44  Marine x2  
  35  7:48  Marine x2  
  39  7:52  SCV  
  39  7:53  Reaper x2  
  42  8:00  Orbital Command  
  42  8:04  SCV  
  43  8:20  Bunker  
  43  8:21  Siege Tank  
  43  8:26  Siege Tank  
  49  8:39  SCV  
  50  8:51  SCV  
  51  9:03  SCV  
  52  9:15  SCV  
  53  9:27  SCV  
  45  9:34  Missile Turret  
  45  9:35  Missile Turret  
  45  9:39  SCV, Refinery  
  46  9:48  Starport  
  46  9:51  SCV  
  46  9:52  Starport  
  47  9:56  Starport  
  47  10:03  SCV  
  48  10:11  Command Center  
  48  10:14  Marine x2  
  49  10:15  SCV  
  49  10:18  Marine x2  
  53  10:27  SCV  
  54  10:32  Refinery  
  54  10:33  Cyclone  
  57  10:36  Cyclone  
  57  10:40  SCV, Starport Tech Lab  
  61  10:45  Starport Reactor  
  61  10:50  Starport Tech Lab  
  61  10:52  SCV  
  62  11:11  Supply Depot  
  62  11:14  Cloaking Field  
  62  11:23  SCV  
  63  11:34  Supply Depot  
  63  11:35  SCV  
  63  11:39  Viking x2  
  68  11:47  SCV  
  69  11:56  Supply Depot  
  69  11:59  SCV, Orbital Command  
  70  12:01  Refinery  
  70  12:09  Viking x2  
  70  12:13  Banshee  
  77  12:17  Banshee  
  77  12:19  Supply Depot  
  80  12:28  SCV  
  81  12:40  SCV  
  82  12:51  Sensor Tower  
  82  12:53  SCV  
  82  12:56  Banshee  
  86  12:59  Supply Depot, Banshee  
  86  13:05  SCV  
  90  13:08  Missile Turret  
  90  13:11  Missile Turret  
  90  13:15  Refinery  
  90  13:17  SCV  
  91  13:23  Sensor Tower  
  91  13:29  SCV  
  92  13:38  Supply Depot  
  93  13:41  SCV  
  93  13:44  Missile Turret  
  93  13:53  SCV  
  93  14:04  Viking  
  93  14:05  SCV  
  93  14:08  Sensor Tower  
  96  14:11  Viking  
  96  14:16  Cyclone  
  101  14:17  SCV  
  101  14:18  Cyclone  
  101  14:20  Viking x2  
  109  14:29  SCV, Supply Depot  
  110  14:34  Viking  
  112  14:41  Viking  
  114  14:46  Command Center  
  114  14:50  Viking  
  116  14:56  Viking  
  116  14:57  Supply Depot  
  118  15:04  Viking  
  120  15:11  Viking  
  122  15:16  Siege Tank  
  122  15:17  Missile Turret  
  122  15:20  Siege Tank, Viking  
  130  15:34  Viking  
  123  15:41  Viking  
  75  16:16  Missile Turret  
  75  16:19  Missile Turret  
  75  16:24  Missile Turret  
  75  16:29  Marine x2  
  75  16:31  Marine x2  
  78  16:34  Marine x2  
  79  16:47  Marine x2  
  78  16:49  Marine x2  
  78  16:51  Marine  
  78  16:52  Marine  
  81  17:04  Marine  
  81  17:07  Marine  
  74  17:08  Raven  
  74  17:09  Marine  
  74  17:13  Cyclone  
  80  17:16  SCV  
  81  17:26  SCV  
  81  17:29  SCV  
  83  17:32  Orbital Command  
  83  17:35  Missile Turret  
  83  17:38  SCV  
  83  17:41  SCV  
  85  17:46  Cyclone  
  85  17:49  Marine x2  
  85  17:50  SCV  
  85  17:51  Marine x2  
  93  17:52  Marine x2  
  93  17:53  SCV  
  96  18:02  SCV  
  96  18:05  SCV  
  98  18:06  Marine  
  98  18:08  Marine  
  98  18:09  Viking x2  
  98  18:11  Viking  
  98  18:12  Viking  
  108  18:14  SCV  
  109  18:33  Cyclone  
  112  18:34  Cyclone  
  112  18:36  Supply Depot  
  115  18:49  SCV  
  116  19:01  SCV  
  117  19:08  Viking x2  
  121  19:10  Viking  
  121  19:12  Viking  
  121  19:13  SCV  
  121  19:14  Marine x2  
  121  19:15  Marine x2  
  121  19:17  Marine x2  
  132  19:25  SCV  
  132  19:38  SCV, Viking  
  135  19:40  Viking  
  135  19:42  Viking  
  135  19:44  Marine x2  
  141  19:45  Marine  
  141  19:46  Marine  
  141  19:47  Marine x2  
  141  19:52  Viking  
  147  19:56  SCV  
  148  20:05  Missile Turret  
  148  20:08  SCV, Viking  
  148  20:10  Viking  
  148  20:12  Raven  
  155  20:21  SCV, Missile Turret  
  156  20:33  SCV  
  154  20:45  SCV  
  155  20:57  SCV  
  156  21:05  Cyclone  
  156  21:06  Cyclone  
  156  21:07  Viking  
  164  21:16  SCV, Viking x3  
  171  21:23  Supply Depot  
  171  21:37  Cyclone, Viking  
  171  21:38  Cyclone  
  171  21:39  Sensor Tower  
  179  21:46  Viking x3  
  179  22:07  Viking  
  179  22:09  Siege Tank  
  179  22:10  Siege Tank  
  170  22:16  Viking x2  
  110  22:37  Viking  
  110  22:38  Viking  
  110  22:41  Siege Tank  
  110  22:42  Siege Tank  
  120  22:45  Barracks  
  120  22:46  Viking x2  
  120  22:47  Barracks  
  124  22:51  Barracks  
  124  23:00  Missile Turret  
  124  23:03  Missile Turret  
  124  23:07  Viking  
  124  23:08  Viking  
  124  23:11  Supply Depot  
  128  23:16  Viking x2  
  128  23:18  Supply Depot  
  106  23:36  Supply Depot  
  106  23:37  Viking  
  94  23:46  Viking  
  73  23:55  Viking x2  
  77  24:07  Viking  
  69  24:11  Barracks Reactor  
  69  24:12  Barracks Reactor  
  69  24:15  Viking  
  68  24:18  SCV  
  68  24:22  Refinery  
  66  24:24  Barracks Reactor  
  66  24:25  Viking x2  
  66  24:26  Refinery  
  66  24:30  SCV  
  69  24:37  Viking  
  71  24:43  SCV  
  72  24:45  Viking  
  72  24:55  SCV  
  72  24:58  Viking  
  73  25:07  SCV  
  73  25:08  Reaper x2  
  73  25:09  Missile Turret  
  73  25:12  Reaper x2  
  78  25:15  Reaper x2, Viking  
  82  25:40  Reaper x2  
  84  25:44  Reaper x2  
  84  25:45  Viking  
  84  25:47  Reaper x2  
  90  25:52  Cyclone  
  90  25:56  Cyclone  
  96  26:24  Cyclone  
  99  26:27  Viking x2  
  99  26:28  Cyclone  
  99  26:31  Raven  
  108  26:36  Viking  
  110  26:56  Cyclone  
  110  26:57  Viking  
  110  27:00  Cyclone  
  118  27:06  Viking  
  120  27:14  Viking  
  116  27:24  Viking  
  116  27:27  Viking  
  120  27:36  Viking  
  120  27:44  Viking  
  122  27:58  Viking x2  
  126  28:06  Viking  
  128  28:14  Viking  
  130  28:28  Viking x2  
  134  28:36  Viking  
  126  28:44  Viking  
  104  28:58  Viking  
  100  29:06  Viking  
  100  29:12  Viking  
  100  29:14  Viking  
  99  29:28  Viking  
  99  29:30  Marine x2  
  100  29:33  Marine x2  
  100  29:36  Marine x2, Viking  
  88  29:44  Viking  
  89  29:48  Marine x2  
  89  29:51  Marine x2  
  93  29:53  Viking  
  93  29:54  Marine x2  
  93  29:58  Viking  
  99  30:05  Marine  
  99  30:06  Viking  
  102  30:09  Marine  
  102  30:11  Marine  
  102  30:14  Viking  
  106  30:30  Orbital Command  
  104  30:36  Viking  
  96  30:44  Viking  
  86  31:05  Orbital Command  
  86  31:06  Viking  
  88  31:13  Viking x2  
  92  31:28  Marine x2  
  92  31:30  Marine x2  
  92  31:32  Marine x2  
  98  31:43  Viking x2  
  98  31:46  Marine x2  
  104  31:48  Marine x2  
  104  31:49  Marine  
  104  31:50  Marine  
  108  31:58  Missile Turret  
  108  32:00  Missile Turret  
  108  32:02  Missile Turret  
  108  32:04  Marine  
  108  32:05  Marine  
  108  32:07  Marine  
  111  32:12  Viking  
  113  32:24  SCV  
Show
View Real Time Build Order
Export as new Build Order

IagoAbreu Protoss 

Build Orders:  

Get SALT Encoding   

  12  0:05  Probe (Chrono Boost)  
  13  0:15  Probe (Chrono Boost)  
  14  0:23  Pylon  
  14  0:24  Probe  
  15  0:32  Assimilator  
  15  0:48  Forge  
  15  0:56  Gateway  
  15  1:10  Pylon  
  15  1:13  Pylon  
  15  1:16  Pylon  
  15  1:28  Photon Cannon  
  15  1:36  Probe (Chrono Boost)  
  16  1:48  Probe (Chrono Boost)  
  16  1:54  Probe  
  18  2:08  Photon Cannon  
  18  2:11  Cybernetics Core  
  18  2:31  Assimilator  
  18  2:34  Probe (Chrono Boost)  
  19  2:44  Probe (Chrono Boost)  
  20  2:49  Probe (Chrono Boost)  
  21  2:58  Zealot  
  21  3:03  Nexus  
  23  3:13  Stargate  
  23  3:23  Probe (Chrono Boost)  
  24  3:28  Protoss Air Weapons Level 1  
  24  3:33  Probe (Chrono Boost)  
  25  3:52  Photon Cannon  
  25  3:59  Pylon  
  25  4:03  Robotics Facility  
  25  4:17  Probe (Chrono Boost)  
  26  4:28  Probe (Chrono Boost)  
  26  4:30  Oracle  
  30  4:32  Probe (Chrono Boost)  
  31  4:46  Stargate  
  29  5:10  Robotics Bay  
  29  5:40  Assimilator  
  29  5:42  Assimilator  
  29  5:49  Probe (Chrono Boost)  
  30  5:59  Probe (Chrono Boost)  
  31  6:04  Probe (Chrono Boost)  
  32  6:15  Probe  
  33  6:27  Colossus, Probe  
  40  6:40  Adept  
  35  7:09  Probe (Chrono Boost)  
  36  7:19  Void Ray  
  36  7:20  Probe (Chrono Boost)  
  41  7:25  Probe (Chrono Boost)  
  42  7:33  Probe (Chrono Boost)  
  44  7:42  Probe (Chrono Boost)  
  44  7:43  Probe (Chrono Boost)  
  45  7:45  Pylon  
  45  7:47  Pylon  
  45  7:48  Probe (Chrono Boost)  
  45  7:50  Nexus  
  46  7:53  Assimilator  
  46  7:57  Assimilator  
  46  7:58  Protoss Shields Level 1  
  46  8:00  Probe  
  46  8:01  Zealot  
  49  8:06  Colossus  
  49  8:12  Probe  
  56  8:19  Photon Cannon  
  56  8:28  Zealot  
  56  8:30  Void Ray  
  56  8:33  Probe (Chrono Boost)  
  63  8:44  Probe (Chrono Boost)  
  64  8:48  Photon Cannon  
  64  8:49  Probe (Chrono Boost)  
  64  8:51  Photon Cannon  
  64  8:54  Shield Battery  
  65  9:06  Photon Cannon  
  63  9:38  Probe (Chrono Boost)  
  64  9:48  Probe (Chrono Boost)  
  65  9:53  Probe (Chrono Boost)  
  65  9:58  Warp Prism (Chrono Boost)  
  68  10:00  Protoss Ground Weapons Level 1  
  68  10:01  Protoss Air Armor Level 1, Void Ray  
  68  10:04  Probe  
  73  10:15  Pylon  
  73  10:16  Probe  
  74  10:23  Pylon  
  74  10:27  Pylon  
  74  10:31  Colossus (Chrono Boost)  
  74  10:35  Void Ray  
  84  10:43  Void Ray  
  88  10:55  Zealot  
  90  10:58  Probe (Chrono Boost)  
  91  11:08  Probe (Chrono Boost)  
  92  11:13  Probe (Chrono Boost)  
  92  11:14  Colossus (Chrono Boost)  
  92  11:16  Zealot  
  99  11:23  Void Ray (Chrono Boost)  
  99  11:24  Probe  
  102  11:27  Void Ray (Chrono Boost)  
  110  11:36  Probe  
  110  11:37  Extended Thermal Lance (Chrono Boost)  
  110  11:39  Zealot  
  113  12:01  Observer  
  113  12:06  Zealot  
  116  12:19  Pylon  
  116  12:21  Pylon  
  116  12:23  Pylon  
  116  12:36  Phoenix  
  116  12:37  Phoenix  
  120  12:39  Colossus  
  128  12:44  Sentry (Chrono Boost)  
  128  12:58  Twilight Council  
  128  13:01  Sentry (Chrono Boost)  
  129  13:17  Phoenix x2  
  133  13:28  Sentry  
  133  13:33  Warp Prism (Chrono Boost)  
  137  14:01  Warp Prism  
  139  14:33  Pylon  
  139  14:34  Pylon  
  139  14:39  Pylon  
  139  15:02  Gateway  
  139  15:03  Gateway  
  139  15:05  Gateway  
  139  15:07  Gateway x2  
  139  15:08  Gateway  
  139  15:10  Gateway  
  139  15:11  Gateway  
  87  15:57  Phoenix x2  
  64  16:03  Observer (Chrono Boost)  
  61  16:09  Warp Gate (Chrono Boost)  
  61  16:10  Stalker  
  53  16:19  Phoenix x2  
  54  16:40  Stalker  
  54  16:41  Immortal  
  52  17:10  Stalker  
  54  17:20  Immortal  
  54  17:21  Robotics Facility  
  58  17:24  Robotics Facility  
  58  17:40  Stalker  
  68  17:46  Void Ray x2  
  68  17:52  Pylon  
  68  17:54  Pylon  
  68  17:57  Fleet Beacon  
  68  18:00  Dark Shrine  
  68  18:01  Charge (Chrono Boost)  
  68  18:02  Templar Archives  
  68  18:25  Warp Prism (Chrono Boost)  
  70  18:35  Void Ray x2  
  78  18:44  Stargate  
  78  18:45  Stargate  
  78  18:46  Stargate x2  
  78  19:16  Carrier x2 (Chrono Boost)  
  78  19:20  Nexus  
  78  19:23  Protoss Air Weapons Level 2  
  90  19:45  Carrier x2 (Chrono Boost)  
  108  19:50  Carrier (Chrono Boost)  
  105  20:23  Dark Templar  
  105  20:24  Dark Templar x3  
  101  21:09  Tempest (Chrono Boost)  
  99  21:43  Phoenix  
  99  21:45  Phoenix  
  63  22:49  Nexus  
  20  25:29  Carrier x4 (Chrono Boost)  
  44  25:48  Phoenix x2 (Chrono Boost)  
  48  26:01  Phoenix (Chrono Boost)  
  52  26:07  Phoenix (Chrono Boost)  
  52  26:20  Phoenix (Chrono Boost)  
  54  26:31  Tempest (Chrono Boost)  
  60  26:51  Tempest (Chrono Boost)  
  66  27:31  Phoenix (Chrono Boost)  
  70  27:38  Phoenix (Chrono Boost)  
  70  28:33  Gateway  
  70  28:34  Gateway  
  41  29:57  Anion Pulse-Crystals (Chrono Boost)  
  41  30:17  Assimilator  
  41  30:20  Probe  
  42  30:32  Probe  
  41  30:44  Probe  
  24  30:56  Probe  
  13  31:08  Probe  
  14  31:20  Probe (Chrono Boost)  
  15  31:29  Probe (Chrono Boost)  
  16  31:34  Probe (Chrono Boost)  
  17  31:40  Assimilator, Nexus  
  17  31:44  Assimilator  
  8  32:05  Nexus  
  6  32:10  Assimilator  
  6  32:11  Assimilator  
Tags
 
Add a new tag
Caveats
  • Supply blocks, unpowered buildings, or Contaminate may cause inaccurate times.
  • Supply counts are checked every 10 seconds.